 Dungeon Crawl Stone Soup version 0.28-a0-909-g796cbd3a86 (webtiles) character file.

Game seed: 6318758233410010103

120 Froggeryz the Sneak (level 5, -4/29 HPs)
             Began as a Gargoyle Enchanter on Nov 24, 2021.
             Slain by an iguana (6 damage)
             ... on level 3 of the Dungeon.
             The game lasted 00:02:39 (3828 turns).

Froggeryz the Sneak (Gargoyle Enchanter)            Turns: 3828, Time: 00:02:39

Health: -4/29      AC: 12    Str: 12    XL:     5   Next: 4%
Magic:  8/8        EV: 11    Int: 16    God:
Gold:   53         SH:  0    Dex: 10    Spells: 8/8 levels left

rFire   . . .      SeeInvis .   g - +0 hand axe
rCold   . . .      Faith    .   (no shield)
rNeg    + . .      Spirit   .   l - +0 leather armour
rPois   ∞          Reflect  .   (no helmet)
rElec   +          Harm     .   (no cloak)
rCorr   .          Rampage  .   i - +0 pair of gloves
Will    .....                   (no boots)
Stlth   ++........              (no amulet)
HPRegen 0.09/turn               f - +4 ring of protection
MPRegen 0.11/turn               (no ring)

@: no status effects
A: sickness immunity, AC +4, negative energy resistance 1, electricity
resistance, torment resistance 1, petrification resistance
a: no special abilities


You were on level 3 of the Dungeon.
You visited 1 branch of the dungeon, and saw 3 of its levels.

You collected 53 gold pieces.

Inventory:

Hand Weapons
 g - a +0 hand axe (weapon)
Missiles
 j - 9 poisoned darts (quivered)
Armour
 i - a +0 pair of gloves (worn)
 l - a +0 leather armour (worn)
Jewellery
 f - a +4 ring of protection (left hand)
Scrolls
 d - 4 scrolls of identify {unknown}
Potions
 a - 2 potions of ambrosia {unknown}
 b - a potion of flight {unknown}
 c - a potion of invisibility
 e - a potion of might {unknown}
 h - a potion of haste {unknown}
 k - a potion of heal wounds {unknown}


   Skills:
 - Level 1.2 Fighting
 - Level 1.0 Short Blades
 * Level 3.0 Axes
 + Level 0.1 Throwing
 - Level 2.3 Armour
 - Level 1.5 Dodging
 - Level 3.2 Stealth
 - Level 2.0 Spellcasting
 - Level 2.6 Hexes


You had 8 spell levels left.
You didn't know any spells.
Your spell library contained the following spells:

 Spells                   Type           Power      Damage    Failure   Level
 Ensorcelled Hibernation  Hex/Ice        10%        N/A       22%         2
 Confusing Touch          Hex            10%        N/A       26%         3
 Tukima's Dance           Hex            10%        N/A       26%         3
 Dazzling Flash           Conj/Hex       10%        N/A       41%         3


Dungeon Overview and Level Annotations

Branches:
Dungeon (3/15)

Altars:


Innate Abilities, Weirdness & Mutations

You are immune to sickness and miasma.
Your stone body is resilient. (AC +4)
You are immune to poison.
You resist negative energy. (rN+)
You are resistant to electric shocks. (rElec)
You are resistant to unholy torment.
You are immune to petrification.


Message History

The iguana bites you but does no damage.
You barely miss the iguana.
The iguana is heavily wounded.
The iguana bites you!
You completely miss the iguana.
The iguana is heavily wounded.
The iguana bites you!
You are too injured to fight recklessly!
You are too injured to fight recklessly!
You are too injured to fight recklessly!
You are too injured to fight recklessly!
You are too injured to fight recklessly!
You are too injured to fight recklessly!
You are too injured to fight recklessly!
You are too injured to fight recklessly!
You are too injured to fight recklessly!
You are too injured to fight recklessly!
You are too injured to fight recklessly!
You are too injured to fight recklessly!
You are too injured to fight recklessly!
You are too injured to fight recklessly!
You are too injured to fight recklessly!
You are too injured to fight recklessly!
You barely miss the iguana.
The iguana is heavily wounded.
The iguana bites you but does no damage.
You hit the iguana.
The iguana is almost dead.
The iguana barely misses you. The iguana bites you.
You hit the iguana but do no damage.
The iguana is severely wounded.
The iguana bites you!
* * * LOW HITPOINT WARNING * * *
You hit the iguana but do no damage.
The iguana is severely wounded.
The iguana closely misses you.
You hit the iguana.
The iguana is almost dead.
The iguana bites you.
You die...

##################
#>................
#.##....(.##.....#
#................#
#.........#...†..#
#.........#......#
#................#
#.##########.....#
#@# #.....#
#l####### #.....#
#†....... .......
#............
........
#............
........
#............
........
#............ ..
#............
......
#............
.......


You could see an iguana.

Vanquished Creatures
  An iguana (D:3)
  3 adders (D:2)
  3 worms
  An orc (D:3)
  5 ball pythons
  9 endoplasms
  4 giant cockroaches
  4 goblins
  7 hobgoblins
  2 jackals (D:3)
  A quokka (D:2)
  6 bats
  5 frilled lizards
  2 kobolds
  2 rats
55 creatures vanquished.

Notes
Turn   | Place    | Note
-------+----------+-------------------------------------------
     0 | D:1      | Froggeryz the Gargoyle Enchanter began the quest for the
                  | Orb.
     0 | D:1      | Reached XP level 1. HP: 10/10 MP: 3/3
   169 | D:1      | Reached skill level 1 in Short Blades
   256 | D:1      | Reached skill level 1 in Fighting
   424 | D:1      | Reached XP level 2. HP: 14/16 MP: 5/5
   623 | D:1      | Found a faded altar of an unknown god.
   731 | D:1      | Reached skill level 1 in Axes
  1411 | D:1      | Reached skill level 1 in Armour
  1412 | D:1      | Reached XP level 3. HP: 16/20 MP: 6/6
  2514 | D:2      | Reached XP level 4. HP: 11/25 MP: 7/7
  3623 | D:3      | Reached XP level 5. HP: 29/29 MP: 8/8
  3828 | D:3      | Slain by an iguana

Illustrated notes

Levels and vault maps discovered:
D:1:      minmay_arrival_plants_in_alcoves, layout_loops_corners,
          shapermc_ecumenical_altar_mp_urbaneastern
D:2:      layout_basic, minmay_misc_feat_hallway
D:3:      layout_basic

Skill      XL: |  1  2  3  4 |
---------------+-------------+-----
Short Blades   | 1 |  1.0
Fighting       | 1 |  1.2
Axes           | 1 2 3 |  3.0
Armour         | 1 2 |  2.3
Throwing       | |  0.1
Dodging        | |  1.5
Stealth        | |  3.2
Spellcasting   | |  2.0
Hexes          | |  2.6

Action                   |  1- 3 |  4- 6 || total
-------------------------+-------+-------++-------
Melee: Dagger            |    11 |       ||    11
       Hand axe          |   134 |   107 ||   241
Throw: Dart              |       |    20 ||    20
 Stab: Sleeping          |     6 |       ||     6
       Distracted        |     1 |       ||     1
Armor: Robe              |    67 |    17 ||    84
       Leather armour    |       |    30 ||    30
Dodge: Dodged            |    91 |    54 ||   145

Table legend: (Time is in decaauts)
 A = Elapsed time spent in this place.
 B = Non-inter-level travel time spent in this place.
 C = Inter-level travel time spent in this place.
 D = Time resting spent in this place.
 E = Time spent auto-exploring this place.
 F = Levels seen in this place.
 G = Mean time per level.
                   A        B        C        D        E       F      G
               +--------+--------+--------+--------+--------+-----+--------+
         Total |   3876 |   3816 |     60 |    842 |   2372 |   3 | 1292.0 |
       Dungeon |   3876 |   3816 |     60 |    842 |   2372 |   3 | 1292.0 |
               +--------+--------+--------+--------+--------+-----+--------+

Top non-repeatable levels by time:
     D:2: 1661 daAuts
     D:1: 1533 daAuts
     D:3: 680 daAuts
